 Dungeon Crawl Stone Soup version 0.30-a0-920-g7493c07aab (webtiles) character file.

Game seed: 13619525959451877143

180 hikkokomori the Shooter (level 5, -8/42 HPs)
             Began as a Barachi Hunter on Mar 22, 2023.
             Mangled by a mummy (14 damage)
             ... in an ossuary.
             The game lasted 00:04:31 (2986 turns).

hikkokomori the Shooter (Barachi Hunter)            Turns: 2986, Time: 00:04:32

Health: -8/42      AC:  5    Str: 12    XL:     5   Next: 60%
Magic:  5/5        EV: 12    Int: 10    God:
Gold:   192        SH:  0    Dex: 17    Spells: 4/4 levels left

rFire   . . .      SeeInvis .    a - +1 shortbow
rCold   . . .      Faith    .    (shield currently unavailable)
rNeg    . . .      Spirit   .    c - +0 leather armour
rPois   .          Reflect  .    (no helmet)
rElec   .          Rampage  .    f - +1 cloak
rCorr   .                        (no gloves)
Will    .....                    (no boots)
Stlth   ++                       (no amulet)
HPRegen 0.27/turn                (no ring)
MPRegen 0.09/turn                (no ring)

@: unable to hop, slow
A: amphibious, slowness 1, strong legs 1, +LOS
a: Hop


You were in an ossuary.
You visited 1 branch of the dungeon, and saw 4 of its levels.
You also visited: Ossuary.

You collected 192 gold pieces.

Inventory:

Hand Weapons
 a - a +1 shortbow (weapon)
Missiles
 h - 12 poisoned darts
Armour
 c - a +0 leather armour (worn)
 f - a +1 cloak (worn)
Jewellery
 m - an amulet of faith
Wands
 j - a wand of polymorph (1)
Scrolls
 b - a scroll of immolation
 i - 2 scrolls of teleportation
Potions
 d - a potion of might {unknown}
 e - a potion of magic {unknown}
 g - 3 potions of curing
 k - a potion of lignification {unknown}
 n - a potion of heal wounds {unknown}


   Skills:
 + Level 4.1 Fighting
 * Level 5.2 Ranged Weapons
 - Level 2.1 Dodging
 + Level 2.8 Stealth


You had 4 spell levels left.
You didn't know any spells.
Your spell library contained the following spells:

 Spells                   Type           Power      Damage    Failure   Level
 Slow                     Hex            0%         N/A       43%         1
 Blink                    Tloc           0%         N/A       58%         2
 Ensorcelled Hibernation  Hex/Ice        0%         N/A       58%         2
 Lesser Beckoning         Tloc           0%         N/A       58%         2
 Momentum Strike          Conj/Tloc      0%         3d8       58%         2
 Passwall                 Tmut/Erth      0%         N/A       58%         2
 Confusing Touch          Hex            0%         N/A       82%         3
 Swiftness                Air            0%         N/A       82%         3
 Vampiric Draining        Necr           0%         2d6       82%         3


Dungeon Overview and Level Annotations

Branches:
Dungeon (4/15)            Ossuary (1/1)
 Temple: D:4-7

Altars:

Annotations:
D:4 1 runed translucent door, grumposus's ghost, amateur VSBr


Innate Abilities, Weirdness & Mutations

You are amphibious.
You cover ground slowly.
You can hop short distances.
You have an extended range of vision and can be seen from far away.


Message History

Unknown command.
Fire: a) +1 shortbow
Press: ? - help, Shift-Dir - straight line, f/p - bog mummy
Aim: a bog mummy (lightly damaged, 78% to hit)
You shoot an arrow.
The arrow hits the bog mummy but does no damage.
The bog mummy is lightly damaged.
Unknown command.
It was a potion of curing.
You feel better. The bog mummy hits you. The mummy hits you!
* * * LOW HITPOINT WARNING * * *
Unknown command.
Hop to where?
Press: ? - help, Dir - move target, p - bog mummy Floosh!
You fall into the shallow water.
Boing!
You enter the shallow water.
Okay, then.
Okay, then.
Okay, then.
Okay, then.
Aiming: Polymorph
Press: ? - help, Shift-Dir - straight line, f - mummy
Aim: a mummy (not susceptible)
Okay, then.
Unknown command.
Unknown command.
Fire: a) +1 shortbow
Press: ? - help, Shift-Dir - straight line, f - mummy
Aim: a mummy (78% to hit)
You shoot an arrow. The arrow hits the mummy.
The mummy is moderately damaged.
Unknown command.
Fire: a) +1 shortbow
Press: ? - help, Shift-Dir - straight line, f/p - mummy
Aim: a mummy (moderately damaged, 78% to hit)
You shoot an arrow. The arrow hits the mummy!
The mummy is almost destroyed.
The mummy hits you!
You die...

≈# ##≈ #≈≈
### #~###@#
#P#M#.#
#.~M#+#
~.~~.~.M~~~.+
##~##'##M##.#
# #...#.'.
#.∩.# ###
#∩..# #####


You could see 3 mummies and a bog mummy.

Vanquished Creatures
  A bullfrog zombie (Ossuary)
  2 mummies
  An adder (D:2)
  3 worms (D:2)
  3 dart slugs
  10 orcs (D:3)
  9 ball pythons
  6 bats
  9 endoplasms
  5 giant cockroaches
  3 hobgoblins
  9 kobolds
  6 quokkas
  4 frilled lizards
  7 goblins
  A goblin zombie (D:4)
  A hobgoblin zombie (D:4)
  5 rats
85 creatures vanquished.

Vanquished Creatures (others)
  2 withered plants (Ossuary)
2 creatures vanquished.

Grand Total: 87 creatures vanquished

Notes
Turn   | Place    | Note
-------+----------+-------------------------------------------
     0 | D:1      | hikkokomori the Barachi Hunter began the quest for the Orb.
     0 | D:1      | Reached XP level 1. HP: 17/17 MP: 1/1
    33 | D:1      | Reached skill level 1 in Stealth
   118 | D:1      | Reached XP level 2. HP: 23/23 MP: 2/2
   269 | D:1      | Found a faded altar of an unknown god.
   483 | D:1      | Reached XP level 3. HP: 29/29 MP: 3/3
  1270 | D:2      | Reached XP level 4. HP: 33/35 MP: 4/4
  2672 | D:3      | Reached XP level 5. HP: 42/42 MP: 5/5
  2824 | D:4      | Found a runed translucent door.
  2826 | D:4      | Noticed grumposus's ghost (amateur VSBr)
  2864 | D:4      | Reached skill level 5 in Ranged Weapons
  2900 | D:4      | Found a sand-covered staircase.
  2955 | Ossuary  | Entered an ossuary
  2986 | Ossuary  | Mangled by a mummy

Illustrated notes

Levels and vault maps discovered:
D:1:      shiori_shiawase, layout_basic, shapermc_ecumenical_altar_flowoftime
D:2:      layout_loops_ring, minmay_increasing_density
D:3:      layout_loops_corners, eino_tiny_chamber
D:4:      layout_basic, chequers_temple_overflow_statue_of_worship,
          minmay_temple_entry_proselytizer, ebering_ghost_inner_flame,
          serial_forest, infiniplex_forest_clump_diagonal,
          infiniplex_forest_lined_ring, infiniplex_forest_lined_room_,
          infiniplex_forest_clump_small, infiniplex_forest_diagonal,
          infiniplex_forest_clump_long, infiniplex_forest_lined_room_,
          infiniplex_forest_straight_1, nicolae_ossuary_entry_giza,
          nicolae_half_adder
Ossuary:  ossuary_zaba_flooded

Skill      XL: |  1  2  3  4  5 |
---------------+----------------+-----
Stealth        | 1 2 |  2.8
Fighting       | 3 4 |  4.1
Ranged Weapons | 5 |  5.2
Dodging        | |  2.1

Action                     |  1- 3 |  4- 6 || total
---------------------------+-------+-------++-------
   Fire: Shortbow          |   102 |   145 ||   247
Ability: Hop               |       |     1 ||     1
    Use: Scroll            |       |    10 ||    10
         Potion            |       |     1 ||     1
 Armour: Leather armour    |     5 |     9 ||    14
  Dodge: Dodged            |    11 |    40 ||    51

Table legend: (Time is in decaauts)
 A = Elapsed time spent in this place.
 B = Non-inter-level travel time spent in this place.
 C = Inter-level travel time spent in this place.
 D = Time resting spent in this place.
 E = Time spent auto-exploring this place.
 F = Levels seen in this place.
 G = Mean time per level.
                   A        B        C        D        E       F      G
               +--------+--------+--------+--------+--------+-----+--------+
         Total |   3551 |   3457 |     94 |     63 |   2754 |   5 |  710.2 |
       Dungeon |   3514 |   3420 |     94 |     63 |   2747 |   4 |  878.5 |
       Ossuary |     36 |     36 |      0 |      0 |      7 |   1 |   36.0 |
               +--------+--------+--------+--------+--------+-----+--------+

Top non-repeatable levels by time:
     D:1: 1317 daAuts
     D:3: 1050 daAuts
     D:2: 840 daAuts
     D:4: 306 daAuts
 Ossuary: 36 daAuts
